 Dungeon Crawl Stone Soup version 0.26-a0-113-gd8a95b691d (webtiles) character file.

Game seed: 2780607783567743692

1968 Gargoyl the Chopper (level 9, -6/72 HPs)
             Began as a Centaur Abyssal Knight on June 27, 2020.
             Was a Priest of Lugonu.
             Mangled by Joseph
             ... wielding a +2 quarterstaff of distortion
              (10 damage)
             ... on level 7 of the Dungeon.
             The game lasted 00:08:43 (6801 turns).

Gargoyl the Chopper (Centaur Abyssal Knight)        Turns: 6801, Time: 00:08:44

Health: -6/72      AC: 13    Str: 16    XL:     9   Next: 0%
Magic:  13/13      EV: 10    Int: 14    God:    Lugonu [***...]
Gold:   329        SH:  0    Dex: 17    Spells: 8/8 levels left

rFire    x . .     SeeInvis .   t - +3 hand axe of Daasmoimi {elec, rF- Int+3 Dex+6 Stlth+}
rCold    . . .     Faith    .   (no shield)
rNeg     . . .     Spirit   .   y - +0 chain mail
rPois    +         Reflect  .   j - +1 helmet
rElec    .         Harm     .   z - +0 cloak
rCorr    .                      D - +0 pair of gloves (curse)
MR       .....                  (no barding)
Stlth    ..........             h - amulet of magic regeneration
HPRegen  0.22/turn              n - ring of poison resistance
MPRegen  0.38/turn              e - +4 ring of evasion

@: mighty, flying (expiring), very quick
A: large, hooves 3, deformed body, speed 2, tough skin 3
a: Depart the Abyss, Bend Space, Banish, Renounce Religion


You were on level 7 of the Dungeon.
You worshipped Lugonu.
Lugonu was most pleased with you.
You were not hungry.

You visited 1 branch of the dungeon, and saw 7 of its levels.
You visited the Abyss 1 time.

You collected 329 gold pieces.

Inventory:

Hand Weapons
 a - a +2 hand axe
 t - the +3 hand axe of Daasmoimi (weapon) {elec, rF- Int+3 Dex+6 Stlth+}
   (You found it on level 4 of the Dungeon)

   Occasionally, upon striking a foe, it will discharge some electrical energy
   and cause terrible harm.
   It affects your intelligence (+3).
   It affects your dexterity (+6).
   It makes you vulnerable to fire.
   It makes you more stealthy.
 x - a +6 flail of holy wrath
Missiles
 u - 10 boomerangs (quivered)
Armour
 j - a +1 helmet (worn)
 y - a +0 chain mail (worn)
 z - a +0 cloak (worn)
 D - a cursed +0 pair of gloves (worn)
Jewellery
 d - an uncursed ring of see invisible
 e - a +4 ring of evasion (right hand)
 f - an uncursed ring of flight
 h - an amulet of magic regeneration (around neck)
 n - a ring of poison resistance (left hand)
 q - an uncursed ring of protection from magic
Wands
 B - a wand of flame (15)
Scrolls
 k - 2 scrolls of remove curse
 m - 4 scrolls of teleportation
 v - a scroll of identify
 C - a scroll of enchant weapon
Potions
 i - a potion of magic
 p - 2 potions of brilliance {unknown}
 r - 2 potions of stabbing {unknown}
 s - 2 potions of degeneration {unknown}
 w - a potion of might
Comestibles
 c - 6 rations


   Skills:
 + Level 4.4 Fighting
 + Level 5.7 Axes
 + Level 0.1 Throwing
 * Level 5.4 Armour
 * Level 3.2 Dodging
 * Level 5.4 Invocations
 + Level 0.3 Evocations


You had 8 spell levels left.
You didn't know any spells.
Your spell library was empty.

Dungeon Overview and Level Annotations

Branches:
Dungeon (7/15)             Temple (0/1) D:6

Altars:
Makhleb
Okawaru
Sif Muna
Vehumet
Wu Jian
The Shining One

Shops:
D:4 (

Annotations:
D:7 Joseph


Innate Abilities, Weirdness & Mutations

You have hooves in place of feet.
Armour fits poorly on your strangely shaped body.
You cover ground very quickly.
You have extremely tough skin. (AC +3)


Message History

Joseph hits you with a +2 quarterstaff of distortion!
Space bends around you. The bullfrog zombie closely misses you.
You hit Joseph. Lightning courses through Joseph!
Joseph is severely wounded.
You closely miss the bullfrog zombie. The bullfrog zombie barely misses you.
Joseph hits you with a +2 quarterstaff of distortion!
* * * LOW HITPOINT WARNING * * *
Space bends around you.
* * * LOW HITPOINT WARNING * * *
You feel better.
The bullfrog zombie hits you but does no damage.
You slash Joseph!
Joseph is almost dead.
You slash the bullfrog zombie!
You are starting to lose your buoyancy.
The bullfrog zombie hits you but does no damage.
Joseph hits you with a +2 quarterstaff of distortion!
* * * LOW HITPOINT WARNING * * *
Space warps horribly around you!
You die...

.....@†((#
##.#.###.#
#<#.#
#.#.#
#(#.#
#(#(#
#.#.#
#.#Z#
#[@@#
#####


You could see Joseph and a bullfrog zombie.

Vanquished Creatures
  Grinder (D:5)
  Sigmund (D:4)
  Menkaure (D:5)
  Edmund (D:5)
  A water moccasin (D:6)
  A black bear (D:6)
  A phantom (D:5)
  3 ogres
  2 bullfrogs (D:6)
  3 killer bees (D:7)
  2 scorpions
  2 hounds
  Crazy Yiuf (D:5)
  A jelly (D:6)
  An iguana (D:6)
  Ijyb (D:4)
  Natasha (thrice) (D:4)
  Robin (D:4)
  7 gnolls
  5 adders
  2 shadow imps
  An ooze (D:4)
  An adder skeleton (D:5)
  A dart slug (D:2)
  3 leopard geckos
  12 orcs (D:4)
  3 ball pythons
  11 goblins
  14 hobgoblins
  2 jackals (D:3)
  3 quokkas
  8 bats
  3 frilled lizards
  12 kobolds
  5 rats
120 creatures vanquished.

Vanquished Creatures (others)
  A plant (D:2)
1 creature vanquished.

Grand Total: 121 creatures vanquished

Notes
Turn   | Place    | Note
-------+----------+-------------------------------------------
     0 | Abyss:1  | Gargoyl the Centaur Abyssal Knight began the quest for the
                  | Orb.
     0 | Abyss:1  | Reached XP level 1. HP: 19/19 MP: 2/2
    82 | Abyss:1  | Noticed a sixfirhy
    85 | D:1      | Escaped the Abyss
   666 | D:2      | Noticed a hound
   744 | D:1      | Killed a hound
   744 | D:1      | Reached skill level 1 in Dodging
   744 | D:1      | Reached XP level 2. HP: 1/26 MP: 3/3
   744 | D:1      | Reached XP level 3. HP: 2/31 MP: 4/4
  1240 | D:2      | Found an iron altar of Okawaru.
  1270 | D:2      | Reached XP level 4. HP: 38/38 MP: 5/5
  1559 | D:2      | Reached * piety under Lugonu
  1632 | D:2      | Found a faded altar of an unknown god.
  2185 | D:3      | Found a glowing golden altar of the Shining One.
  2608 | D:4      | Found Vujumef's Weapon Shop.
  2613 | D:4      | Got a slimy hand axe
  2614 | D:4      | Identified the cursed +3 hand axe of Daasmoimi {elec, rF-
                  | Int+3 Dex+6 Stlth+} (You found it on level 4 of the
                  | Dungeon)
  2645 | D:4      | Reached XP level 5. HP: 45/45 MP: 7/7
  2659 | D:4      | Reached ** piety under Lugonu
  2755 | D:4      | Noticed Sigmund
  2781 | D:4      | Killed Sigmund
  2781 | D:4      | Reached XP level 6. HP: 19/52 MP: 8/8
  3098 | D:4      | Noticed Ijyb
  3106 | D:4      | Paralysed by Ijyb for 3 turns
  3115 | D:4      | Killed Ijyb
  3164 | D:4      | Noticed Natasha
  3172 | D:4      | Killed Natasha
  3481 | D:4      | Found a shimmering blue altar of Sif Muna.
  3481 | D:4      | Noticed Natasha
  3491 | D:4      | Killed Natasha
  3495 | D:4      | Noticed Natasha
  3503 | D:4      | Killed Natasha
  3841 | D:4      | Noticed Robin
  3859 | D:4      | Killed Robin
  3936 | D:5      | Entered Level 5 of the Dungeon
  3938 | D:5      | Noticed Grinder
  4091 | D:5      | Killed Grinder
  4091 | D:5      | Reached XP level 7. HP: 48/59 MP: 9/9
  4192 | D:5      | Noticed Menkaure
  4201 | D:5      | Killed Menkaure
  4621 | D:5      | Reached XP level 8. HP: 64/66 MP: 11/11
  4745 | D:5      | Noticed Edmund
  4753 | D:5      | Killed Edmund
  4835 | D:5      | Found a burning altar of Makhleb.
  4887 | D:5      | Found a runed translucent door.
  4888 | D:5      | Noticed Crazy Yiuf
  4944 | D:5      | Found an iron altar of Okawaru.
  5056 | D:5      | Found a radiant altar of Vehumet.
  5064 | D:5      | Found an ornate altar of the Wu Jian Council.
  5150 | D:5      | Killed Crazy Yiuf
  5211 | D:6      | Reached skill level 5 in Axes
  5441 | D:6      | Reached *** piety under Lugonu
  5441 | D:6      | Reached skill level 5 in Invocations
  5667 | D:6      | Reached skill level 5 in Armour
  5858 | D:6      | Found a staircase to the Ecumenical Temple.
  6461 | D:7      | Noticed Joseph
  6467 | D:7      | Reached XP level 9. HP: 34/72 MP: 13/13
  6801 | D:7      | Mangled by Joseph

Illustrated notes

Levels and vault maps discovered:
D:1:      saegor_arrival_miasma, layout_basic
D:2:      layout_rooms, nicolae_overflow_hidden_temple,
          chequers_ecumenical_altar_grove, hex_intersection,
          lexackson_kobold_supper
D:3:      layout_loops_cross, overflow_temple_1_default
D:4:      layout_basic, old_standard_altar, serial_shops,
          nicolae_shop_waterfront, uniq_natasha, uniq_robin, uniq_ijyb,
          uniq_sigmund
D:5:      minmay_inner_zag, layout_cave_pools, overflow_temple_1_default,
          amethyst_overflow_temple_binary, first_ration,
          okawaru_altar_gauntlet_db, uniq_grinder, uniq_menkaure, uniq_edmund,
          uniq_crazy_yiuf_cottage
D:6:      layout_basic, minmay_temple_entry_glassed_door
D:7:      layout_basic, grunt_ministairs_11, uniq_joseph

Skill      XL: |  1  2  3  4  5  6  7  8 |
---------------+-------------------------+-----
Axes           | 2 3 4 5 |  5.7
Dodging        | 1 2 3 |  3.2
Armour         | 2 3 4 5 |  5.4
Invocations    | 3 4 5 |  5.4
Fighting       | 4 |  4.4
Throwing       | |  0.1
Evocations     | |  0.3

Action                   |  1- 3 |  4- 6 |  7- 9 || total
-------------------------+-------+-------+-------++-------
Melee: Hand axe          |    66 |   201 |   134 ||   401
       Kick              |     6 |    54 |    34 ||    94
Throw: Boomerang         |       |     1 |       ||     1
Invok: Depart the Abyss  |     1 |       |       ||     1
Evoke: Wand              |       |     3 |     2 ||     5
  Use: Potion            |     1 |     1 |     6 ||     8
       Scroll            |       |     7 |     5 ||    12
 Stab: Sleeping          |       |     1 |       ||     1
  Eat: Chunk             |       |     8 |     6 ||    14
       Ration            |       |       |     1 ||     1
Armor: Ring mail         |    28 |    63 |     8 ||    99
       Chain mail        |       |       |    57 ||    57
Dodge: Dodged            |    72 |   138 |    73 ||   283

Table legend:
 A = Non-vault XP
 B = Vault XP
 C = Vault XP percentage of total XP
 D = Non-vault monster count
 E = Vault monster count
 F = Vault count percentage of total count
                 A         B        C        D         E       F
            +---------+---------+-------+---------+---------+-------
      Total |    1532 |    1280 |  45.5 |      83 |      37 |  30.8
            +---------+---------+-------+---------+---------+-------
        D:1 |      74 |       0 |   0.0 |      13 |       0 |   0.0
        D:2 |      66 |      12 |  15.4 |      17 |       8 |  32.0
        D:3 |      37 |       0 |   0.0 |      16 |       0 |   0.0
        D:4 |     115 |     329 |  74.1 |      16 |      15 |  48.4
        D:5 |     133 |     939 |  87.6 |       4 |      14 |  77.8
        D:6 |     917 |       0 |   0.0 |      14 |       0 |   0.0
        D:7 |     190 |       0 |   0.0 |       3 |       0 |   0.0
            +---------+---------+-------+---------+---------+-------
